AoeStats
← kjetil

Arena

505206370Analyzed
2v2 RM · 24d ago on Sep 8, 2026· 69m 3s· 4 players
Game mode
Random Map
Map size
Medium (4 player)
Population
200
Speed
Normal
Resources
Standard
Victory
Conquest
Starting age
Dark Age
Ending age
Imperial Age
RankedLock teamsTeams togetherTeam positionsShared explorationLock speedFull tech treeHidden civsTurbo modeCheats
Victory
Defeat
🇪🇬 Goths · Egypt
866
+15
🇨🇳 Byzantines · China
771
+19
🇳🇴 Lithuanians · Norway
859
-18
🇭🇺 Mongols · Hungary
815
-42
Doki2326
10:46 Feudal Age
13:06 Wheelbarrow
21:19 Double-Bit Axe
25:31 Castle Age
24:54 Bloodlines
26:46 Bow Saw
26:31 Gold Mining
26:32 Stone Mining
26:45 Horse Collar
28:52 Husbandry
29:17 Heavy Plow
31:28 Hand Cart
32:31 Gold Shaft Mining
32:32 Stone Shaft Mining
37:45 Loom
37:51 Loom
37:58 Loom
40:23 Fletching
40:34 Padded Archer Armor
40:48 Forging
47:04 Imperial Age
45:14 Leather Archer Armor
44:56 Bodkin Arrow
50:56 Squires
52:34 Heavy Scorpion
53:40 Pikeman
kjetil
4:54 Loom
11:29 Feudal Age
15:25 Castle Age
13:21 Double-Bit Axe
13:19 Horse Collar
17:42 Bow Saw
18:21 Wheelbarrow
22:54 Scale Barding Armor
23:14 Heavy Plow
24:17 Gold Mining
24:18 Stone Mining
24:44 Bloodlines
24:36 Husbandry
27:25 Forging
27:14 Fletching
31:52 Imperial Age
29:38 Hand Cart
30:09 Town Watch
31:50 Ballistics
31:28 Murder Holes
31:15 Treadmill Crane
31:46 Masonry
31:48 Fortified Wall
33:06 Cavalier
34:11 Chain Barding Armor
34:28 Iron Casting
33:49 Bodkin Arrow
34:29 Paladin
37:22 Two-Man Saw
37:29 Architecture
38:02 Chemistry
36:55 Elite Skirmisher
38:15 Plate Barding Armor
37:42 Padded Archer Armor
37:43 Bracer
43:07 Light Cavalry
53:15 Winged Hussar
66:53 Bombard Tower
66:25 Guard Tower
Only win
10:58 Feudal Age
14:35 Castle Age
14:02 Double-Bit Axe
14:02 Horse Collar
16:02 Stone Mining
16:48 Gold Mining
17:59 Bow Saw
19:31 Town Watch
22:34 Wheelbarrow
21:47 Loom
24:30 Town Patrol
25:28 Heavy Plow
25:56 Hand Cart
31:42 Imperial Age
29:41 Scale Mail Armor
29:51 Forging
30:35 Stone Shaft Mining
30:27 Anarchy
31:14 Squires
33:32 Crop Rotation
34:05 Two-Man Saw
34:06 Elite Huskarl
36:24 Chain Mail Armor
36:45 Iron Casting
40:17 Caravan
40:27 Guilds
40:48 Coinage
44:07 Blast Furnace
48:12 Chemistry
47:29 Perfusion
48:50 Banking
48:58 Masonry
51:15 Pikeman
54:09 Halberdier
58:33 Architecture
58:25 Ballistics
57:55 Heated Shot
60:53 Murder Holes
61:25 Conscription
60:36 Sappers
mike
8:50 Loom
12:11 Feudal Age
16:30 Castle Age
14:44 Horse Collar
14:52 Double-Bit Axe
15:28 Stone Mining
17:17 Wheelbarrow
17:48 Bow Saw
21:49 Gold Mining
24:23 Hand Cart
26:02 Stone Shaft Mining
26:03 Gold Shaft Mining
27:03 Heavy Plow
27:39 Scale Barding Armor
27:44 Forging
29:06 Treadmill Crane
29:37 Fortified Wall
32:42 Imperial Age
30:42 Murder Holes
30:50 Husbandry
31:31 Iron Casting
34:44 Two-Man Saw
34:17 Crop Rotation
34:17 Conscription
34:27 Chain Barding Armor
34:02 Elite Cataphract
36:32 Plate Barding Armor
36:11 Logistica
36:08 Cavalier
36:57 Caravan
37:07 Guilds
37:21 Gambesons
37:41 Scale Mail Armor
39:02 Paladin
42:45 Capped Ram
43:39 Siege Ram
44:47 Squires
44:32 Arson
44:08 Pikeman
47:51 Chain Mail Armor
47:00 Halberdier
47:19 Heavy Camel Rider
51:33 Plate Mail Armor
62:16 Greek Fire
62:52 Hoardings
62:56 Onager
64:06 Ballistics
64:47 Chemistry
65:16 Man-at-Arms
Connection lost

Rejoining the realm…

Still unreachable

The connection could not be restored.

Session expired

The server has moved on; the page needs a fresh start.